 Dungeon Crawl Stone Soup version 0.27-a0-808-g60bc5d92e6 (webtiles) character file.

Game seed: 1809358762140954158

189 rageheart7 the Skirmisher (level 5, -6/30 HPs)
             Began as a Vine Stalker Fighter on Mar 28, 2021.
             Killed from afar by Ijyb (7 damage)
             ... with a bolt of acid
             ... on level 4 of the Dungeon.
             The game lasted 00:02:19 (2220 turns).

rageheart7 the Skirmisher (Vine Stalker Fighter)    Turns: 2220, Time: 00:02:20

Health: -6/30      AC:  4    Str: 19    XL:     5   Next: 68%
Magic:  0/6        EV:  7    Int:  8    God:
Gold:   83         SH:  9    Dex: 14    Spells: 4/4 levels left

rFire    . . .     SeeInvis .   a - +0 rapier
rCold    . . .     Faith    .   c - +0 kite shield
rNeg     . . .     Spirit   +   b - +0 scale mail
rPois    .         Reflect  .   e - +0 helmet
rElec    .         Harm     .   (no cloak)
rCorr    .         Rampage  .   (no gloves)
Will     .....                  g - +0 pair of boots
Stlth    ..........             (no amulet)
HPRegen  1.10/turn              (no ring)
MPRegen  0.10/turn              (no ring)

@: corroded
A: fangs 2, regeneration 1, magic shield, antimagic bite, no potion heal 3
a: no special abilities


You were on level 4 of the Dungeon.
You visited 1 branch of the dungeon, and saw 4 of its levels.

You collected 83 gold pieces.

Inventory:

Hand Weapons
 a - a +0 rapier (weapon)
Armour
 b - a +0 scale mail (worn)
 c - a +0 kite shield (worn)
 e - a +0 helmet (worn)
 g - a +0 pair of boots (worn)
Jewellery
 o - a ring of protection from cold
Scrolls
 d - a scroll of enchant weapon {unknown}
 f - a scroll of enchant armour {unknown}
 h - a scroll of noise {unknown}
 i - 2 scrolls of vulnerability {unknown}
 m - a scroll of fear {unknown}
 n - a scroll of identify {unknown}
 p - a scroll of fog {unknown}
Potions
 j - 2 potions of heal wounds {unknown}
 k - a potion of brilliance {unknown}
 l - 2 potions of lignification {unknown}


   Skills:
 * Level 4.3 Fighting
 * Level 3.8 Short Blades
 - Level 2.4 Armour
 - Level 2.6 Shields


You had 4 spell levels left.
You didn't know any spells.
Your spell library was empty.

Dungeon Overview and Level Annotations

Branches:
Dungeon (4/15)
 Temple: D:4-7

Altars:

Shops:
D:3 (

Annotations:
D:4 Ijyb


Innate Abilities, Weirdness & Mutations

You have extremely sharp teeth.
Your natural rate of healing is unusually fast.
When hurt, damage is shared between your health and your magic reserves.
Your bite disrupts and absorbs the magic of your enemies.
Potions cannot restore your health.


Message History

No target in view!
Done exploring.
No target in view!
Done exploring.
No target in view!
There is an escape hatch in the floor here.
You slide downwards.
The hatch slams shut behind you.
An iguana, a ball python, a quokka, 2 giant cockroaches and a gnoll come into view.
The iguana hisses angrily.
The gnoll shouts!
The ball python hisses angrily.
You hear a shout!
You hear a bark!
A jackal comes into view. x2
A gnoll comes into view. It is wielding a +0 whip.
A gnoll comes into view. It is wielding a +0 flail.
Ijyb the Twisted Goblin comes into view.
She is wielding a +3 dagger of venom, wearing a +3 leather armour of cold resistance and carrying a wand of acid (12).
Found a leather armour, 17 arrows and a scroll labelled EBULIPPOSMA.
The jackal pauses to sniff the ground.
The iguana barely misses you.
The iguana bites you but does no damage.
You block the giant cockroach's attack.
Found 17 stones.
You hit the giant cockroach.
You bite the giant cockroach, but do no damage.
The giant cockroach is severely wounded.
Ijyb zaps a wand.
The bolt of acid hits the ball python!
The ball python is splashed with acid.
The acid corrodes the ball python!
The ball python dies!
The bolt of acid hits you! The acid corrodes you!
You are splashed with acid!
The giant cockroach closely misses you. You block the giant cockroach's attack.
You block the iguana's attack.
You hit the giant cockroach.
You kill the giant cockroach!
A jackal comes into view.
You block the giant cockroach's attack. The iguana bites you!
* * * LOW HITPOINT WARNING * * *
The giant cockroach barely misses you.
Ijyb zaps a wand.
The bolt of acid hits the jackal!
The jackal is splashed with acid!
The acid corrodes the jackal!
The jackal dies!
The bolt of acid hits you!
You die...

.(............
.[......#...# #
.........h#. ##.
........... #..
#gg.........#####.##
#.g..hg.# .........
##..r.†.# ##......
#..lB†..#### #<......
......#@.......##.......
#.....#†#...............
...............##........
.........................
..?..............#.......
.........................
............###......#
...(......... .........
.####.#.##


You could see Ijyb, an iguana, 3 gnolls, a quokka, 2 jackals and a giant
cockroach.

Vanquished Creatures
  A howler monkey (D:3)
  Robin (D:2)
  4 gnolls (D:2)
  An adder (D:2)
  A worm (D:2)
  2 dart slugs (D:1)
  An orc (D:3)
  3 ball pythons
  6 bats
  10 endoplasms
  3 giant cockroaches
  9 hobgoblins
  8 jackals
  7 frilled lizards
  14 goblins
  5 kobolds
  6 rats
82 creatures vanquished.

Vanquished Creatures (others)
  A ball python (D:4)
  A jackal (D:4)
2 creatures vanquished.

Grand Total: 84 creatures vanquished

Notes
Turn   | Place    | Note
-------+----------+-------------------------------------------
     0 | D:1      | rageheart7 the Vine Stalker Fighter began the quest for the
                  | Orb.
     0 | D:1      | Reached XP level 1. HP: 11/11 MP: 2/2
    55 | D:1      | Reached XP level 2. HP: 16/16 MP: 3/3
    57 | D:1      | Reached skill level 3 in Fighting
   208 | D:1      | Reached XP level 3. HP: 4/20 MP: 1/4
  1309 | D:2      | Noticed Robin
  1320 | D:2      | Gained mutation: Your natural rate of healing is unusually
                  | fast. [Vine Stalker growth]
  1320 | D:2      | Reached XP level 4. HP: 14/25 MP: 1/5
  1333 | D:2      | Killed Robin
  1341 | D:2      | Reached skill level 4 in Fighting
  1386 | D:2      | Reached XP level 5. HP: 29/29 MP: 6/6
  1611 | D:3      | You fall into a shaft and drop 1 floor!
  1995 | D:3      | Found Diudgh's Weapon Shoppe.
  2216 | D:4      | Noticed Ijyb
  2220 | D:4      | HP: 1/30 [iguana (11)]
  2220 | D:4      | Killed from afar by Ijyb

Illustrated notes

Levels and vault maps discovered:
D:1:      eino_arrival_tree_alley, layout_rooms, minmay_misc_feat_roman
D:2:      layout_basic, minmay_domino_4, uniq_robin
D:3:      layout_basic, serial_shops, shop
D:4:      layout_rooms, grunt_gozag_breadcrumbs, gammafunk_ghost_mausoleum,
          uniq_ijyb

Skill      XL: |  1  2  3  4 |
---------------+-------------+-----
Short Blades   | 2 3 |  3.8
Fighting       | 3 4 |  4.3
Armour         | |  2.4
Shields        | |  2.6

Action                   |  1- 3 |  4- 6 || total
-------------------------+-------+-------++-------
Melee: Rapier            |    92 |    82 ||   174
       Bite              |    16 |    23 ||    39
  Use: Potion            |     1 |       ||     1
Armor: Scale mail        |    46 |    39 ||    85
Dodge: Dodged            |    36 |    16 ||    52
Block: Kite shield       |    47 |    34 ||    81

Table legend: (Time is in decaauts)
 A = Elapsed time spent in this place.
 B = Non-inter-level travel time spent in this place.
 C = Inter-level travel time spent in this place.
 D = Time resting spent in this place.
 E = Time spent auto-exploring this place.
 F = Levels seen in this place.
 G = Mean time per level.
                   A        B        C        D        E       F      G
               +--------+--------+--------+--------+--------+-----+--------+
         Total |   2274 |   2225 |     49 |      0 |   1800 |   4 |  568.5 |
       Dungeon |   2274 |   2225 |     49 |      0 |   1800 |   4 |  568.5 |
               +--------+--------+--------+--------+--------+-----+--------+

Top non-repeatable levels by time:
     D:1: 1011 daAuts
     D:3: 615 daAuts
     D:2: 604 daAuts
     D:4: 42 daAuts
